 Dungeon Crawl Stone Soup version 0.25.0-46-gbd7b0854d2 (webtiles) character file.

Game seed: 12953182625407527548

47 Ethylacetat the Gusty (level 3, 0/21 HPs)
             Began as an Octopode Air Elementalist on July 15, 2020.
             Slain by an orc wizard
             ... wielding a +3 dagger
              (3 damage)
             ... on level 2 of the Dungeon.
             The game lasted 00:02:46 (1306 turns).

Ethylacetat the Gusty (Octopode Air Elementalist)   Turns: 1306, Time: 00:02:46

Health: 0/21       AC:  1    Str:  7    XL:     3   Next: 70%
Magic:  5/6        EV: 13    Int: 18    God:
Gold:   80         SH:  0    Dex: 12    Spells: 5/6 levels left

rFire    . . .     SeeInvis .   c - +0 dagger
rCold    . . .     Gourm    .   (no shield)
rNeg     . . .     Faith    .   (helmet restricted)
rPois    .         Spirit   .   (no amulet)
rElec    .         Reflect  .   (no ring)
rCorr    .         Harm     .   (no ring)
MR       .....                  (no ring)
Stlth    ++........             (no ring)
HPRegen  0.07/turn              (no ring)
MPRegen  0.10/turn              (no ring)
                                (no ring)
                                (no ring)

@: confused, very slightly contaminated
A: almost no armour, stealthy swim, amphibious, 8 rings, constrict 8, camouflage
1, gelatinous body 1
a: no special abilities


You were on level 2 of the Dungeon.
You were not hungry.

You visited 1 branch of the dungeon, and saw 2 of its levels.

You collected 80 gold pieces.

Inventory:

Hand Weapons
 c - a +0 dagger (weapon)
Scrolls
 d - 3 scrolls of remove curse {unknown}
 e - 7 scrolls of identify {unknown}
 f - a scroll of teleportation {unknown}
 h - a scroll of enchant weapon {unknown}
Potions
 a - a potion of flight {unknown}
 g - a potion of heal wounds {unknown}
Comestibles
 b - 6 rations


   Skills:
 - Level 2.0 Dodging
 - Level 2.6 Stealth
 + Level 2.3 Spellcasting
 * Level 2.3 Conjurations
 * Level 3.7 Air Magic


You had 5 spell levels left.
You knew the following spells:

 Your Spells              Type           Power        Failure   Level  Hunger
a - Shock                 Conj/Air       ##..         4%          1    #......

Your spell library contained the following spells:

 Spells                   Type           Power        Failure   Level  Hunger
 Swiftness                Chrm/Air       #.......     12%         2    ##.....
 Static Discharge         Conj/Air       ##......     16%         3    ###....
 Airstrike                Air            ###.......   36%         4    #####..
 Lightning Bolt           Conj/Air       ##........   80%         5    ######.


Dungeon Overview and Level Annotations

Branches:
Dungeon (2/15)

Altars:


Innate Abilities, Weirdness & Mutations

You cannot wear most types of armour.
You are very stealthy in the water. (Stealth+)
You are amphibious.
You can wear up to eight rings at the same time.
You can use your tentacles to constrict eight enemies at once.
Your skin changes colour to match your surroundings (Stealth+).
Your rubbery body absorbs attacks. (AC +1, EV +1)


Message History

Something hits you.
You barely miss something.
You hear some strange, mumbled words.
You are confused.
Something completely misses you. Something barely misses you.
Something hits you.
You bump into the rock wall.
Something hits you but does no damage.
You completely miss something.
You feel less confused. Something hits you.
You barely miss something.
You hear some strange, mumbled words.
You are confused.
You miss something. Something hits you.
* * * LOW HITPOINT WARNING * * *
You completely miss something. Something hits you.
* * * LOW HITPOINT WARNING * * *
You bump into the rock wall.
Something hits you.
You die...

#.......#
##......#
#......#
######......#
#...........#
#...........#
#..(........#
#......{.##.#
#.....@...#.#
#########.# #
... ...# ...#
..># ...#


There were no monsters in sight!

Vanquished Creatures
  An adder (D:2)
  A dart slug (D:1)
  2 giant cockroaches (D:1)
  4 hobgoblins
  2 jackals (D:2)
  5 kobolds
  A quokka (D:2)
  6 bats
  2 frilled lizards
  4 goblins
  8 rats
36 creatures vanquished.

Notes
Turn   | Place    | Note
-------+----------+-------------------------------------------
     0 | D:1      | Ethylacetat the Octopode Air Elementalist began the quest
                  | for the Orb.
     0 | D:1      | Reached XP level 1. HP: 11/11 MP: 3/3
   234 | D:1      | Reached XP level 2. HP: 17/17 MP: 5/5
   474 | D:1      | Reached XP level 3. HP: 21/21 MP: 6/6
  1306 | D:2      | Slain by an orc wizard

Illustrated notes

Levels and vault maps discovered:
D:1:      lemuel_arrival_hallway, layout_loops_ring
D:2:      layout_basic, first_ration

Skill      XL: |  1  2  3 |
---------------+----------+-----
Conjurations   | 2 |  2.3
Dodging        | |  2.0
Stealth        | |  2.6
Spellcasting   | |  2.3
Air Magic      | |  3.7

Action                   || total
-------------------------++-------
Melee: Dagger            ||    52
       Unarmed           ||     7
       Constrict         ||    17
       Tentacles         ||    10
 Cast: Shock             ||    26
 Stab: Sleeping          ||     8
  Eat: Chunk             ||     1
Armor: Skin              ||    10
Dodge: Dodged            ||    57
